 Dungeon Crawl Stone Soup version 0.29.1-13-g9f3cf754e1 (webtiles) character file.

Game seed: 2288311389062353400

723 FaviusArthum the Conjurer (level 7, -3/36 HPs)
             Began as a Deep Elf Conjurer on Jan 21, 2023.
             Slain by Duvessa
             ... wielding a +0 rapier of protection
              (12 damage)
             ... on level 5 of the Dungeon.
             The game lasted 00:17:48 (6943 turns).

FaviusArthum the Conjurer (Deep Elf Conjurer)       Turns: 6943, Time: 00:17:48

Health: -3/36      AC:  3    Str:  4    XL:     7   Next: 43%
Magic:  6/19       EV: 12    Int: 25    God:
Gold:   2801       SH:  0    Dex: 13    Spells: 13/20 levels left

rFire   . . .      SeeInvis .   i - +1 dagger
rCold   . . .      Faith    .   (no shield)
rNeg    . . .      Spirit   .   a - +0 robe
rPois   .          Reflect  .   (no helmet)
rElec   .          Harm     .   h - +0 cloak
rCorr   .          Rampage  .   (no gloves)
Will    .....                   (no boots)
Stlth   ++........              (no amulet)
HPRegen 0.12/turn               (no ring)
MPRegen 0.16/turn               (no ring)

@: invisible
A: no striking features
a: no special abilities


You were on level 5 of the Dungeon.
You visited 1 branch of the dungeon, and saw 6 of its levels.

You collected 2801 gold pieces.

Inventory:

Hand Weapons
 c - a +0 club
 i - a +1 dagger (weapon)
 u - the +6 battleaxe of Foul Odours {vorpal, rC+ Int+6 Dex-5}
   (You acquired it on level 3 of the Dungeon)

   It inflicts extra damage upon your enemies.
   Int:       It affects your intelligence (+6).
   Dex:       It affects your dexterity (-5).
   rC:        It protects you from cold.
Missiles
 k - 2 throwing nets
Armour
 a - a +0 robe (worn)
 h - a +0 cloak (worn)
Wands
 s - a wand of polymorph (9)
Scrolls
 e - a scroll of vulnerability
 g - a scroll of immolation {unknown}
 j - 3 scrolls of butterflies
 n - a scroll of brand weapon
 q - 5 scrolls of identify
 t - a scroll of poison {unknown}
 v - a scroll of summoning {unknown}
 x - a scroll of blinking {unknown}
 y - a scroll of amnesia {unknown}
Potions
 b - a potion of magic
 f - a potion of mutation {unknown}
 l - 3 potions of degeneration {unknown}
 m - 2 potions of curing {unknown}
 o - a potion of resistance {unknown}
 p - 3 potions of brilliance {unknown}
 r - a potion of berserk rage {unknown}
 w - 2 potions of heal wounds {unknown}
 z - 2 potions of might {unknown}


   Skills:
 + Level 0.1 Fighting
 + Level 0.1 Axes
 + Level 3.0 Dodging
 + Level 3.7 Stealth
 + Level 7.0 Spellcasting
 + Level 7.2 Conjurations
 * Level 3.7 Hexes


You had 13 spell levels left.
You knew the following spells:

 Your Spells              Type           Power      Damage    Failure   Level
a - Magic Dart            Conj           100%       1d8       1%          1
b - Searing Ray           Conj           88%        2d7       1%          2
c - Fulminant Prism       Conj/Hex       18%        3d11      7%          4

Your spell library contained the following spells:

 Spells                   Type           Power      Damage    Failure   Level
 Shock                    Conj/Air       100%       1d9       1%          1
 Dazzling Flash           Conj/Hex       72%        N/A       2%          3
 Freeze                   Ice            32%        1d5       7%          1
 Poisonous Vapours        Pois/Air       16%        N/A       10%         2
 Hailstorm                Conj/Ice       26%        3d7       16%         4
 Iskenderun's Mystic Bla  Conj/Tloc      26%        2d7       16%         4
 Frozen Ramparts          Ice            16%        1d3       21%         3
 Gell's Gravitas          Tloc           8%         N/A       21%         3
 Lesser Beckoning         Tloc           8%         N/A       21%         3
 Swiftness                Air            8%         N/A       21%         3
 Teleport Other           Tloc           8%         N/A       21%         3
 Airstrike                Air            4%         2d(1-17)  54%         4
 Corpse Rot               Necr/Pois/Air  8%         N/A       54%         4
 Chain Lightning          Conj/Air       13%        3d17      100%        9
 Fire Storm               Conj/Fire      13%        8d3       100%        9
 Shatter                  Erth           4%         3d7*      100%        9


Dungeon Overview and Level Annotations

Branches:
Dungeon (6/15)
 Temple: D:4-7

Altars:
Ashenzari
Makhleb
Vehumet
Yredelemnul

Shops:
D:3 =   D:4 [

Annotations:
D:2 Natasha
D:5 Duvessa


Message History

Press: ? - help, Shift-Dir - straight line, f - Duvessa
Aim: Duvessa, wielding a +0 rapier of protection, wearing a +0 leather armour and quivering stones (berserk, 84% to hit)
The searing ray hits Duvessa.
Duvessa is lightly wounded. (Press . to maintain the ray.) Duvessa closely misses you.
As you read the scroll labelled PUD ZECIFE, it crumbles to dust.
It is a scroll of identify.
n - a scroll of brand weapon Duvessa hits you with a +0 rapier of protection.
Duvessa hits you with a +0 rapier of protection!
You fade into invisibility!
Duvessa barely misses you.
Unknown command.
Duvessa rages.
Duvessa hits you with a +0 rapier of protection!
* * * LOW HITPOINT WARNING * * *
Casting: Searing Ray (safe; 1% risk of failure)
Confirm with . or Enter, or press ? or * to list all spells.
Aiming: Searing Ray (safe; 1% risk of failure)
Press: ? - help, Shift-Dir - straight line, f/p - Duvessa
Aim: Duvessa, wielding a +0 rapier of protection, wearing a +0 leather armour and quivering stones (lightly wounded, berserk, unable to see you, 84% to hit)
The searing ray hits Duvessa!
Duvessa is moderately wounded. (Press . to maintain the ray.) Duvessa closely misses you.
Casting: Searing Ray (safe; 1% risk of failure)
Confirm with . or Enter, or press ? or * to list all spells.
You don't know that spell.
Casting: Searing Ray (safe; 1% risk of failure)
Confirm with . or Enter, or press ? or * to list all spells.
Restarting spell: Searing Ray (safe; 1% risk of failure)
Press: ? - help, Shift-Dir - straight line, f/p - Duvessa
Aim: Duvessa, wielding a +0 rapier of protection, wearing a +0 leather armour and quivering stones (moderately wounded, berserk, unable to see you, 84% to hit)
The searing ray hits Duvessa.
Duvessa is moderately wounded. (Press . to maintain the ray.) Duvessa closely misses you.
Duvessa hits you with a +0 rapier of protection!
You die...

######.######.##.# #.##.#
#..........<.....# #.##.######
#.#####^#####.#..# #.........
##.#####.# #.#).#####..###..##
#.....##.# #...<.......###..###
#..##.##.# #>....####.).......#
#........# ##...## ##....##.#.#
.........# #.e.# #..)....[#.#
##.##.##.# #.@.# #.)......#.#
....#....# #...# #..#.##..#.#
##..#....######...####..#.......#
...................รท...........##
.#..##...................##......
##.......................#......#
###.###.#####.......######......#
...........##...[...# #.#...##
####.....#.##.....).# #.#####


You could see Duvessa (berserk, unable to see you).

Vanquished Creatures
  An ogre (D:5)
  A phantom (D:4)
  Dowan (D:5)
  3 orc priests (D:5)
  3 hounds
  4 iguanas
  3 orc wizards
  3 gnolls (D:2)
  5 adders
  A shadow imp (D:5)
  A worm (D:2)
  3 dart slugs
  9 orcs
  6 endoplasms
  4 giant cockroaches
  7 goblins
  5 hobgoblins
  A quokka (D:3)
  8 ball pythons
  3 bats
  2 frilled lizards
  7 kobolds
  5 rats
86 creatures vanquished.

Vanquished Creatures (others)
  14 fulminant prisms
  2 fungi (D:1)
16 creatures vanquished.

Grand Total: 102 creatures vanquished

Notes
Turn   | Place    | Note
-------+----------+-------------------------------------------
     0 | D:1      | FaviusArthum the Deep Elf Conjurer began the quest for the
                  | Orb.
     0 | D:1      | Reached XP level 1. HP: 10/10 MP: 6/6
    25 | D:1      | Found a faded altar of an unknown god.
   523 | D:1      | Reached XP level 2. HP: 15/15 MP: 2/8
   526 | D:1      | Learned a level 2 spell: Searing Ray
  1130 | D:1      | Reached skill level 5 in Conjurations
  1361 | D:2      | Reached XP level 3. HP: 17/19 MP: 3/10
  1748 | D:2      | Noticed Natasha
  2002 | D:2      | Reached XP level 4. HP: 24/24 MP: 3/11
  2007 | D:2      | Learned a level 4 spell: Fulminant Prism
  2301 | D:2      | You fall into a shaft and drop 2 floors!
  2384 | D:4      | Found Miruedet's Antique Armour Emporium.
  2669 | D:3      | Found Xozaqeg's One-of-a-Kind Rings.
  2793 | D:3      | Found a radiant altar of Vehumet.
  3414 | D:3      | Reached skill level 1 in Hexes
  3472 | D:3      | Found a broken altar of Ashenzari.
  3472 | D:3      | Found a burning altar of Makhleb.
  3473 | D:3      | Found a basalt altar of Yredelemnul.
  3774 | D:3      | Reached XP level 5. HP: 28/28 MP: 10/13
  4212 | D:3      | Identified 4 scrolls of acquirement
  4212 | D:3      | Acquired the +6 battleaxe of Foul Odours {vorpal, rC+ Int+6
                  | Dex-5}
  4224 | D:3      | Acquired 443 gold pieces
  4226 | D:3      | Acquired 1161 gold pieces
  4228 | D:3      | Acquired 942 gold pieces
  4756 | D:4      | Reached skill level 5 in Spellcasting
  5174 | D:4      | Noticed a phantom
  5190 | D:4      | Killed a phantom
  5191 | D:4      | Reached XP level 6. HP: 32/32 MP: 6/16
  5484 | D:5      | Entered Level 5 of the Dungeon
  5823 | D:5      | Reached XP level 7. HP: 36/36 MP: 0/18
  6848 | D:5      | Noticed Dowan
  6858 | D:5      | Killed Dowan
  6931 | D:5      | Noticed Duvessa
  6943 | D:5      | Slain by Duvessa

Illustrated notes

Levels and vault maps discovered:
D:1:      spicycebolla_arrival_clurvy, layout_loops_ring,
          shapermc_ecumenical_altar_mp_ritualfount, item_on_display_a
D:2:      layout_basic, uniq_natasha
D:3:      layout_basic, fiery_altar_vehumet, gammafunk_temple_overflow_claw,
          nicolae_shop_unique_rings
D:4:      layout_loops_ring, serial_shops, shop, grunt_decor_one_mirror
D:5:      layout_loops_cross, uniq_duvessa
D:6:      layout_loops_ring, uniq_maggie

Skill      XL: |  1  2  3  4  5  6  7 |
---------------+----------------------+-----
Conjurations   | 5 6 7 |  7.2
Spellcasting   | 4 5 6 7 |  7.0
Hexes          | 1 2 3 |  3.7
Stealth        | 3 |  3.7
Dodging        | 3 |  3.0
Fighting       | |  0.1
Axes           | |  0.1

Action                   |  1- 3 |  4- 6 |  7- 9 || total
-------------------------+-------+-------+-------++-------
Melee: Dagger            |       |    14 |     1 ||    15
       Battleaxe         |       |     3 |       ||     3
 Cast: Magic Dart        |    56 |    58 |     8 ||   122
       Searing Ray       |     6 |    35 |     7 ||    48
       Fulminant Prism   |       |     6 |     8 ||    14
  Use: Scroll            |     3 |     6 |     2 ||    11
       Potion            |       |       |     2 ||     2
Armor: Robe              |       |     4 |     3 ||     7
Dodge: Dodged            |     2 |    19 |     6 ||    27
